 Dungeon Crawl Stone Soup version 0.26-a0-708-g17f3b190f9 (webtiles) character file.

Game seed: 3575059595851984833

7141 lunkers the Cleaver (level 10, -9/96 HPs)
             Began as a Deep Dwarf Fighter on Oct 28, 2020.
             Was a Believer of Makhleb.
             Mangled by a seven-headed hydra (10 damage)
             ... on level 9 of the Dungeon.
             The game lasted 00:11:28 (5776 turns).

lunkers the Cleaver (Deep Dwarf Fighter)            Turns: 5776, Time: 00:11:28

Health: -9/96      AC: 18    Str: 20    XL:     10   Next: 85%
Magic:  10/10      EV: 12    Int: 10    God:    Makhleb [**....]
Gold:   376        SH:  7    Dex: 14    Spells: 9/9 levels left

rFire    + . .     SeeInvis +   a - +1 war axe
rCold    . . .     Faith    .   u - +2 buckler
rNeg     . . .     Spirit   .   z - +1 scale mail {rF+}
rPois    .         Reflect  .   (no helmet)
rElec    .         Harm     .   o - +0 cloak
rCorr    .         Rampage  .   g - +0 pair of gloves
MR       +....                  i - +1 pair of boots
Stlth    ..........             (no amulet)
HPRegen  0.00/turn              h - ring of see invisible
MPRegen  0.12/turn              n - +4 ring of protection

@: non-regenerating
A: damage resistance, heal wounds, sense surroundings 2, no regeneration
a: Heal Wounds, Minor Destruction, Renounce Religion


You were on level 9 of the Dungeon.
You worshipped Makhleb.
Makhleb was pleased with you.
You visited 2 branches of the dungeon, and saw 10 of its levels.
You also visited: Ossuary.

You collected 376 gold pieces.

Inventory:

Hand Weapons
 a - a +1 war axe (weapon)
Missiles
 t - 12 atropa-tipped darts {=f}
 H - 36 poisoned darts (quivered)
Armour
 b - a +0 scale mail
 g - a +0 pair of gloves (worn)
 i - a +1 pair of boots (worn)
 o - a +0 cloak (worn)
 u - a +2 buckler (worn)
 z - a +1 scale mail of fire resistance (worn)
Jewellery
 h - a ring of see invisible (left hand)
 n - a +4 ring of protection (right hand)
 F - an uncursed ring of resist corrosion
Wands
 x - a wand of digging (7)
 I - a wand of acid (4)
Scrolls
 e - a scroll of enchant weapon
 f - a scroll of enchant armour
 p - a scroll of blinking {unknown}
 q - 3 scrolls of immolation
 r - 2 scrolls of teleportation
 w - 3 scrolls of fear
 y - 4 scrolls of identify
 C - a scroll of magic mapping
 E - 3 scrolls of remove curse
Potions
 c - a potion of stabbing
 d - a potion of might
 j - 2 potions of mutation
 k - 3 potions of flight
 l - 4 potions of berserk rage
 m - 4 potions of heal wounds
 s - 2 potions of haste
 v - 3 potions of curing
 A - a potion of lignification
 B - 3 potions of cancellation
 K - a potion of ambrosia


   Skills:
 + Level 7.7 Fighting
 * Level 12.1 Axes
 + Level 8.0 Armour
 - Level 5.0 Dodging
 - Level 4.0 Shields
 + Level 6.2 Invocations


You had 9 spell levels left.
You didn't know any spells.
Your spell library contained the following spells:

 Spells                   Type           Power        Failure   Level
 Animate Skeleton         Necr           #.....       67%         1
 Pain                     Necr           #...         67%         1
 Vampiric Draining        Necr           #.........   95%         3
 Animate Dead             Necr           #.........   100%        4
 Agony                    Necr           #.......     100%        5


Dungeon Overview and Level Annotations

Branches:
Dungeon (9/15)             Temple (1/1) D:6            Lair (0/6) D:8
Ossuary (visited)
    Orc: D:9-12

Altars:
Ashenzari
Cheibriados
Dithmenos
Elyvilon
Fedhas
Gozag
Hepliaklqana
Kikubaaqudgha
Makhleb
Nemelex Xobeh
Okawaru
Qazlal
Ru
Sif Muna
Trog
Uskayaw
Vehumet
Wu Jian
Xom
Yredelemnul
Zin
The Shining One


Innate Abilities, Weirdness & Mutations

You are resistant to damage.
You can heal yourself by infusing magical energy.
You passively map the area around you.
You do not regenerate.


Message History

Press: ? - help, Shift-Dir - straight line, f/p - seven-headed hydra
Aim: a seven-headed hydra (heavily wounded, covered in acid)
The zap hits the seven-headed hydra.
The seven-headed hydra is heavily wounded.
The seven-headed hydra closely misses you.
The seven-headed hydra barely misses you.
The seven-headed hydra bites you but does no damage.
You block the seven-headed hydra's attack.
The seven-headed hydra closely misses you.
The seven-headed hydra bites you!
* * * LOW HITPOINT WARNING * * *
The seven-headed hydra bites you.
Unknown command.
There is an open door here.
The seven-headed hydra is no longer covered in acid.
The seven-headed hydra bites you but does no damage.
You block the seven-headed hydra's attack.
The seven-headed hydra bites you but does no damage.
The seven-headed hydra bites you!
You die...

.#.........#...........######....
.#.........#...).................
.#.........#.....................
.#.........#.....................
.#.........#.....................
.#.........#.................###+
.#.........#.................# ,
.#.........#.....D.....####+##, ,
.###'#######....@......#, ,
.............###########,
.............# , , , , ,,
##...........# , ,,,,
.............# * * *
...>.........#,, , .............#
, , , .............# * * , , ,
..........####** ,,* ,,,


You could see a seven-headed hydra.

Vanquished Creatures
  Harold (D:8)
  A two-headed ogre (D:8)
  Prince Ribbit (D:5)
  12 yaks
  Menkaure (D:5)
  Duvessa (D:5)
  2 orc warriors
  2 phantoms
  3 ogres
  3 black bears
  6 centaurs
  An elf zombie (Ossuary)
  9 bullfrogs
  A big kobold (D:7)
  A scorpion (D:4)
  Dowan (D:5)
  6 killer bees (D:9)
  4 wights (D:7)
  A bullfrog zombie (D:8)
  5 centaur zombies
  A quasit (D:5)
  A centaur skeleton (D:3)
  7 hounds
  A human zombie (Ossuary)
  2 iguanas
  A jelly (D:8)
  5 orc wizards
  7 worker ants
  A hound skeleton (D:7)
  2 hound zombies (D:7)
  2 mummies (Ossuary)
  A howler monkey zombie (D:7)
  2 gnolls
  8 adders
  2 shadow imps
  2 white imps
  2 ufetubi
  2 oozes (D:3)
  5 adder skeletons
  A dart slug (D:1)
  3 leopard geckos
  16 orcs
  4 bats
  5 giant cockroaches
  5 goblins
  7 hobgoblins
  10 jackals
  2 quokkas
  6 frilled lizards
  3 goblin zombies (Ossuary)
  12 hobgoblin zombies (Ossuary)
  A jackal zombie (Ossuary)
  10 kobolds
  10 kobold zombies (Ossuary)
  5 orc zombies (Ossuary)
  A quokka skeleton (D:4)
  5 rats
222 creatures vanquished.

Vanquished Creatures (others)
  11 fungi (D:8)
  2 plants (D:8)
13 creatures vanquished.

Grand Total: 235 creatures vanquished

Notes
Turn   | Place    | Note
-------+----------+-------------------------------------------
     0 | D:1      | lunkers the Deep Dwarf Fighter began the quest for the Orb.
     0 | D:1      | Reached XP level 1. HP: 20/20 MP: 1/1
   170 | D:1      | Reached XP level 2. HP: 27/27 MP: 2/2
   314 | D:1      | Reached skill level 3 in Axes
   516 | D:2      | Reached XP level 3. HP: 30/34 MP: 3/3
   803 | D:2      | Reached skill level 4 in Axes
   830 | D:2      | Reached XP level 4. HP: 33/42 MP: 4/4
  1099 | D:3      | Found a glowing golden altar of the Shining One.
  1141 | D:3      | Noticed a -1 dagger
  1142 | D:3      | Noticed a +0 dagger
  1147 | D:3      | Found a hide-covered altar of Uskayaw.
  1226 | D:3      | Reached XP level 5. HP: 28/50 MP: 5/5
  1319 | D:3      | Reached skill level 5 in Axes
  1841 | D:4      | Noticed a phantom
  1919 | D:4      | Killed a phantom
  1919 | D:4      | Reached XP level 6. HP: 29/57 MP: 6/6
  1963 | D:4      | Reached skill level 6 in Axes
  2028 | D:4      | Found a blossoming altar of Fedhas.
  2165 | D:4      | Reached XP level 7. HP: 46/66 MP: 7/7
  2365 | D:4      | Found a sand-covered staircase.
  2372 | Ossuary  | Entered an ossuary
  2493 | Ossuary  | Reached skill level 7 in Axes
  2509 | Ossuary  | Reached skill level 1 in Dodging
  2555 | Ossuary  | Reached skill level 5 in Fighting
  2743 | D:5      | Entered Level 5 of the Dungeon
  3114 | D:5      | Noticed Menkaure
  3115 | D:5      | Noticed Prince Ribbit
  3118 | D:5      | Noticed Duvessa
  3119 | D:5      | Noticed Dowan
  3120 | D:5      | Killed Prince Ribbit
  3120 | D:5      | Reached XP level 8. HP: 33/74 MP: 8/8
  3124 | D:5      | Killed Menkaure
  3124 | D:5      | Reached skill level 8 in Axes
  3125 | D:5      | Killed Dowan
  3136 | D:5      | Killed Duvessa
  3321 | D:6      | Found a stormy altar of Qazlal.
  3354 | D:6      | You fall into a shaft and drop 1 floor!
  3460 | D:6      | Reached skill level 5 in Armour
  3503 | D:6      | Reached skill level 9 in Axes
  3611 | D:6      | Found a staircase to the Ecumenical Temple.
  3620 | Temple   | Entered the Ecumenical Temple
  3863 | Temple   | Became a worshipper of Makhleb the Destroyer
  4039 | D:7      | Gained mutation: You passively map the area around you.
                  | [Deep Dwarf growth]
  4039 | D:7      | Reached XP level 9. HP: 48/82 MP: 9/9
  4254 | D:7      | Reached skill level 1 in Invocations
  4267 | D:7      | Reached * piety under Makhleb
  4267 | D:7      | Reached skill level 10 in Axes
  4276 | D:7      | Reached skill level 5 in Dodging
  4777 | D:8      | Noticed a two-headed ogre
  4789 | D:8      | Reached XP level 10. HP: 77/92 MP: 9/9
  4794 | D:8      | Killed a two-headed ogre
  4794 | D:8      | Reached skill level 11 in Axes
  4800 | D:8      | Found a staircase to the Lair.
  5173 | D:8      | Noticed Harold
  5187 | D:8      | Killed Harold
  5187 | D:8      | Reached skill level 5 in Invocations
  5605 | D:9      | Reached ** piety under Makhleb
  5693 | D:9      | Reached skill level 12 in Axes
  5741 | D:9      | Noticed a seven-headed hydra
  5755 | D:9      | HP: 1/96 [seven-headed hydra (6)]
  5776 | D:9      | Mangled by a seven-headed hydra

Illustrated notes

Levels and vault maps discovered:
D:1:      minmay_arrival_four_houses, layout_basic
D:2:      layout_basic, minivault_25, minmay_misc_feat_rows
D:3:      layout_basic, tso_metal_star, dancing_weapons_uskayaw,
          kennysheep_generic_room_5
D:4:      layout_loops_cross, fedhas_ov_isle_minmay,
          chequers_ossuary_entry_cave, st_stairs_10
D:5:      layout_loops_ring, uniq_prince_ribbit1, uniq_menkaure, uniq_duvessa
D:6:      layout_gridville, kennysheep_little_box, minmay_temple_entry_glass,
          kennysheep_windowed_goal
D:7:      layout_rooms, minmay_fractal_squares_diagonal_5
D:8:      layout_basic, grunt_lair_entry_orc_guard_hut, uniq_harold
D:9:      layout_stronghold
Temple:   dpeg_five_rooms_temple

Skill      XL: |  1  2  3  4  5  6  7  8  9 10 |
---------------+-------------------------------+-----
Axes           | 3 4 5 6 7 9 10 12 | 12.1
Fighting       | 3 4 5 6 7 |  7.7
Shields        | 4 |  4.0
Dodging        | 2 4 5 |  5.0
Armour         | 4 5 6 8 |  8.0
Invocations    | 3 6 |  6.2

Action                   |  1- 3 |  4- 6 |  7- 9 | 10-12 || total
-------------------------+-------+-------+-------+-------++-------
Melee: War axe           |    89 |   149 |   453 |   125 ||   816
Throw: Dart              |       |       |    32 |    21 ||    53
Invok: Minor Destruction |       |       |       |     9 ||     9
 Abil: Heal Wounds       |       |     2 |    10 |     5 ||    17
Evoke: Wand              |       |       |       |     1 ||     1
  Use: Potion            |       |       |     1 |       ||     1
       Scroll            |       |       |       |    21 ||    21
Armor: Scale mail        |    54 |    47 |   199 |    83 ||   383
Dodge: Dodged            |    28 |    66 |   226 |   112 ||   432
Block: Kite shield       |    46 |    20 |       |       ||    66
       Buckler           |       |    34 |   168 |    54 ||   256

Table legend: (Time is in decaauts)
 A = Elapsed time spent in this place.
 B = Non-inter-level travel time spent in this place.
 C = Inter-level travel time spent in this place.
 D = Time resting spent in this place.
 E = Time spent auto-exploring this place.
 F = Levels seen in this place.
 G = Mean time per level.
                   A        B        C        D        E       F      G
               +--------+--------+--------+--------+--------+-----+--------+
         Total |   5870 |   5523 |    347 |      0 |   3783 |  11 |  533.6 |
       Dungeon |   5316 |   5057 |    259 |      0 |   3519 |   9 |  590.7 |
        Temple |    276 |    189 |     87 |      0 |    188 |   1 |  276.0 |
       Ossuary |    277 |    277 |      0 |      0 |     76 |   1 |  277.0 |
               +--------+--------+--------+--------+--------+-----+--------+

Top non-repeatable levels by time:
     D:3: 800 daAuts
     D:8: 779 daAuts
     D:7: 770 daAuts
     D:4: 654 daAuts
     D:2: 600 daAuts
     D:5: 573 daAuts
     D:1: 500 daAuts
     D:6: 416 daAuts
 Ossuary: 277 daAuts
  Temple: 276 daAuts
     D:9: 221 daAuts
